 Dungeon Crawl Stone Soup version 0.25.1-2-g60ff931df9 (webtiles) character file.

Game seed: 15636510703803564972

35668 Exporg the Cleaver (level 14, -3/111 HPs)
             Began as a Formicid Fighter on Oct 8, 2020.
             Was the Champion of Qazlal.
             Slain by a skeletal warrior
             ... wielding a +0 long sword
              (18 damage)
             ... on level 13 of the Dungeon on Oct 11, 2020.
             The game lasted 00:34:12 (12651 turns).

Exporg the Cleaver (Formicid Fighter)              Turns: 12651, Time: 00:34:14

Health: -3/111     AC: 22    Str: 28      XL:     14   Next: 19%
Magic:  9/18       EV: 10    Int:  0 (7)  God:    Qazlal [******]
Gold:   1212       SH: 21    Dex: 12      Spells: 13/13 levels left

rFire    + . .     SeeInvis +   a - +4 war axe
rCold    + . .     Gourm    .   P - +0 kite shield
rNeg     . . .     Faith    .   x - +2 chain mail {rC+}
rPois    .         Spirit   .   (helmet unavailable)
rElec    .         Reflect  .   (no cloak)
rCorr    .         Harm     .   H - +1 pair of gloves {Str+3}
MR       +....                  s - +2 pair of boots
Stlth    ..........             r - amulet of regeneration
HPRegen  0.68/turn              J - ring of fire
MPRegen  0.16/turn              I - ring of protection from cold

@: lethally poisoned (-3 -> -13), protected from physical damage, slowed, lost
intelligence, studying Armour, drained, repel missiles, very slow
A: permanent stasis, dig shafts and tunnels, four strong arms, antennae 3
a: Dig, Shaft Self, Upheaval, Elemental Force, Disaster Area, Renounce Religion


You were on level 13 of the Dungeon.
You worshipped Qazlal.
Qazlal was exalted by your worship.
You were not hungry.

You visited 3 branches of the dungeon, and saw 16 of its levels.

You collected 1212 gold pieces.

Inventory:

Hand Weapons
 a - a +4 war axe (weapon)
 b - a +2 vorpal great mace
 G - the +3 rapier of Amorality {flame, MP+9 Str+3 Stlth-}
   (You found it on level 7 of the Dungeon)

   It has been specially enchanted to burn those struck by it, causing extra
   injury to most foes and up to half again as much damage against particularly
   susceptible opponents.
   It affects your strength (+3).
   It affects your magic capacity (+9).
   It makes you less stealthy.
Missiles
 n - 58 bolts
Armour
 s - a +2 pair of boots (worn)
 x - a +2 chain mail of cold resistance (worn)
 H - a +1 pair of gloves of strength (worn)
 P - a +0 kite shield (worn)
Jewellery
 q - an uncursed ring of protection from magic
 r - an amulet of regeneration (around neck)
 I - a ring of protection from cold (right hand)
 J - a ring of fire (left hand)
 L - an uncursed ring of protection from magic
 Q - a +6 ring of intelligence
 R - an uncursed ring of fire
Wands
 j - a wand of clouds (5)
 y - a wand of disintegration (13)
 F - a wand of iceblast (34)
 N - a wand of flame (32)
 O - a wand of random effects (9)
Scrolls
 k - a scroll of fear {unknown}
 l - 7 scrolls of identify
 p - 2 scrolls of blinking {unknown}
 w - a scroll of enchant weapon {unknown}
 z - 8 scrolls of remove curse
 A - 3 scrolls of acquirement
 C - 3 scrolls of enchant armour {unknown}
 D - a scroll of holy word {unknown}
 K - 5 scrolls of amnesia {unknown}
 M - 4 scrolls of fog
Potions
 c - a potion of flight {unknown}
 e - 7 potions of curing
 g - 3 potions of haste {unknown}
 h - 3 potions of degeneration {unknown}
 i - 4 potions of heal wounds {unknown}
 o - 5 potions of mutation {unknown}
 t - 5 potions of brilliance {unknown}
 u - 3 potions of lignification {unknown}
 v - a potion of cancellation {unknown}
 B - 2 potions of berserk rage {unknown}
 E - 2 potions of magic {unknown}
Books
 m - a manual of Armour
Comestibles
 f - 26 rations


   Skills:
 + Level 10.7(9.8) Fighting
 + Level 14.4(13.8) Axes
 + Level 5.7(10.3) Maces & Flails
 * Level 11.0(10.2) Armour
 + Level 3.9(3.2) Dodging
 + Level 1.0(0.3) Stealth
 + Level 12.5(11.6) Shields
 + Level 0.3(0.0) Invocations
 * Level 5.3(4.6) Evocations


You had 13 spell levels left.
You didn't know any spells.
Your spell library contained the following spells:

 Spells                   Type           Power        Failure   Level  Hunger
 Corona                   Hex            #......      97%         1    ##.....
 Foxfire                  Conj/Fire      #...         97%         1    ##.....
 Freeze                   Ice            #...         97%         1    ##.....
 Infusion                 Chrm           #...         97%         1    ##.....
 Magic Dart               Conj           #...         97%         1    ##.....
 Sting                    Tmut/Pois      #...         97%         1    ##.....
 Summon Butterflies       Summ           #.......     97%         1    ##.....
 Call Imp                 Summ           #.......     99%         2    ###....
 Ensorcelled Hibernation  Hex/Ice        #.....       99%         2    ###....
 Shroud of Golubria       Chrm/Tloc      #.....       99%         2    ###....
 Slow                     Hex            #.......     99%         2    ###....
 Song of Slaying          Chrm           #.......     99%         2    ###....
 Confusing Touch          Hex            #.......     100%        3    ####...
 Conjure Flame            Conj/Fire      #.......     100%        3    ####...
 Dazzling Flash           Conj/Hex       #.....       100%        3    ####...
 Inner Flame              Hex/Fire       #.......     100%        3    ####...
 Mephitic Cloud           Conj/Pois/Air  #.......     100%        3    ####...
 Ozocubu's Armour         Chrm/Ice       #.......     100%        3    ####...
 Spectral Weapon          Hex/Chrm       #.......     100%        3    ####...
 Tukima's Dance           Hex            #.......     100%        3    ####...
 Ice Form                 Ice/Tmut       #.......     100%        4    #####..
 Sticky Flame             Conj/Fire      #.......     100%        4    #####..
 Alistair's Intoxication  Tmut/Pois      #.......     100%        5    ######.
 Fireball                 Conj/Fire      #.........   100%        5    ######.
 Simulacrum               Ice/Necr       #.........   100%        6    #######
 Blink                    Tloc           Unusable     N/A         2    N/A

Dungeon Overview and Level Annotations

Branches:
Dungeon (13/15)            Temple (1/1) D:4            Lair (0/6) D:10
    Orc (2/2) D:10            Elf (0/3) Orc:2
 Vaults: D:13-14

Altars:
Ashenzari
Cheibriados
Dithmenos
Elyvilon
Fedhas
Gozag
Hepliaklqana
Kikubaaqudgha
Makhleb
Nemelex Xobeh
Okawaru
Qazlal
Ru
Sif Muna
Trog
Uskayaw
Vehumet
Wu Jian
Xom
Yredelemnul
Zin
The Shining One
Beogh

Shops:
D:4 *   D:7 %

Annotations:
D:10 1 runed translucent door, exclusion: 4 orange crystal statues


Innate Abilities, Weirdness & Mutations

You cannot be hasted, slowed, berserked, paralysed or teleported.
You can dig through walls and to a lower floor.
Your four strong arms can wield two-handed weapons with a shield.
You have a pair of large antennae on your head. (SInv)


Message History

A slime creature comes into view.
The slime creature is engulfed in freezing vapours.
The skeletal warrior is engulfed in blazing flames.
You feel very sick.
A water moccasin comes into view.
A kobold comes into view. It is wielding a +0 short sword.
The big kobold hits you but does no damage.
The skeletal warrior is engulfed in blazing flames.
You block the slime creature's attack.
You feel very sick.
The water moccasin hisses angrily.
There is a stone staircase leading up, spattered with blood here.
You feel very sick. You block the unseen horror's attack.
The skeletal warrior hits you but does no damage.
You feel drained.
The slime creature is struck by lightning.
You block the slime creature's attack.
The skeletal warrior hits you with a +0 long sword!!
You die...

{ # # .#
###J###########..#
.................#
.......aJx.......#
#####.†J.zz☼°....#
#...zJ@K.....#
#....○.☼○....#
#..°☼K..○....#
#..S.........#
"..K.........>#
...............#
...##########..#
... ..#


You could see 3 skeletal warriors, 4 slime creatures, an unseen horror shaped
shifter (invisible), a water moccasin, a big kobold, a worker ant and 2 kobolds.

Vanquished Creatures
  Gastronok (D:8)
  Josephine (Orc:1)
  Erolcha (D:11)
  3 two-headed ogres
  The ghost of lysyklops the Blocker, a journeyman GrFi of Okawaru (D:10)
  A centaur warrior (D:10)
  An ogre mage (D:10)
  An orc high priest (Orc:1)
  Pikel (D:7)
  An unseen horror (D:10)
  An orc knight (D:10)
  2 orc sorcerers (Orc:1)
  6 ugly things
  2 deep elf magi (D:12)
  3 cyclopes
  Joseph (D:7)
  Psyche (D:8)
  2 centaur zombies (D:10)
  3 kobold demonologists (D:10)
  A centaur skeleton (D:13)
  7 trolls
  Prince Ribbit (D:8)
  2 hornets
  3 slime creatures (D:12)
  2 hippogriffs
  A tarantella (shapeshifter) (D:10)
  Sigmund (D:5)
  A basilisk (D:10)
  3 wyverns
  13 yaks
  3 hungry ghosts
  A steam dragon (D:10)
  3 wraiths (Orc:1)
  2 vampire mosquitoes (D:12)
  Grum (D:8)
  Menkaure (D:6)
  2 wargs
  4 acid dragons
  3 water moccasins
  An ice beast (D:12)
  14 orc warriors
  A slave (D:7)
  2 black bears
  4 eyes of draining
  3 sky beasts
  2 phantoms
  2 necrophages
  8 ogres
  2 wolves (D:8)
  12 centaurs
  2 crocodiles (D:10)
  13 big kobolds
  9 bullfrogs
  3 wyvern zombies
  3 scorpions
  16 killer bees
  5 wights
  3 howler monkeys (D:12)
  3 bullfrog zombies
  14 crimson imps
  A bullfrog skeleton (D:8)
  6 jellies
  13 hounds
  15 orc priests
  3 gnoll shamans (D:6)
  Terence (D:3)
  5 iguanas
  27 orc wizards
  17 worker ants
  2 hound zombies
  A hound skeleton (D:11)
  42 gnolls
  15 adders
  A shadow imp (D:10)
  7 oozes
  An adder skeleton (D:6)
  3 adder zombies
  4 worms
  2 dart slugs (D:4)
  7 leopard geckos
  70 orcs
  5 giant cockroaches
  6 hobgoblins
  24 jackals
  6 quokkas
  A ball python (D:2)
  7 bats
  6 frilled lizards
  7 goblins
  A jackal skeleton (D:4)
  17 kobolds
  10 rats
  A plant (D:6)
544 creatures vanquished.

Vanquished Creatures (others)
  4 fungi (D:10)
4 creatures vanquished.

Grand Total: 548 creatures vanquished

Notes
Turn   | Place    | Note
-------+----------+-------------------------------------------
     0 | D:1      | Exporg the Formicid Fighter began the quest for the Orb.
     0 | D:1      | Reached XP level 1. HP: 18/18 MP: 1/1
   237 | D:1      | Reached XP level 2. HP: 24/24 MP: 2/2
   523 | D:1      | Reached XP level 3. HP: 29/29 MP: 3/3
  1040 | D:2      | Reached XP level 4. HP: 32/35 MP: 4/4
  1309 | D:1      | Reached skill level 3 in Axes
  1326 | D:1      | Reached XP level 5. HP: 39/42 MP: 5/5
  1348 | D:1      | Reached skill level 1 in Dodging
  1537 | D:3      | Found an iron altar of Okawaru.
  1671 | D:3      | Found an opulent altar of Gozag.
  1917 | D:3      | Noticed Terence
  1934 | D:3      | Killed Terence
  1934 | D:3      | Reached skill level 5 in Shields
  2159 | D:3      | Reached XP level 6. HP: 48/48 MP: 6/6
  2170 | D:3      | Reached skill level 4 in Axes
  2399 | D:4      | Found a staircase to the Ecumenical Temple.
  2410 | Temple   | Entered the Ecumenical Temple
  2416 | Temple   | Became a worshipper of Qazlal Stormbringer
  2666 | D:4      | Found Wuusm's Elemental Accessories.
  2942 | D:4      | Found an ornate altar of the Wu Jian Council.
  3410 | D:5      | Entered Level 5 of the Dungeon
  3424 | D:5      | Reached XP level 7. HP: 54/54 MP: 7/7
  3620 | D:5      | Found a shattered altar of Ashenzari.
  3951 | D:5      | Noticed Sigmund
  3965 | D:5      | Killed Sigmund
  3965 | D:5      | Reached skill level 5 in Axes
  4370 | D:6      | Found a white marble altar of Elyvilon.
  4403 | D:6      | Reached XP level 8. HP: 52/61 MP: 8/8
  4403 | D:6      | Reached * piety under Qazlal
  4465 | D:6      | Reached skill level 6 in Axes
  4560 | D:6      | Reached skill level 5 in Fighting
  4602 | D:6      | Found a blossoming altar of Fedhas.
  4626 | D:6      | Reached skill level 5 in Armour
  4627 | D:6      | Reached skill level 7 in Axes
  4639 | D:6      | Noticed Menkaure
  4649 | D:6      | Killed Menkaure
  4649 | D:6      | Reached XP level 9. HP: 24/68 MP: 9/9
  4908 | D:6      | Reached ** piety under Qazlal
  4952 | D:6      | Reached skill level 8 in Axes
  5205 | D:6      | Reached *** piety under Qazlal
  6023 | D:7      | Noticed Joseph
  6040 | D:7      | Killed Joseph
  6040 | D:7      | Reached skill level 9 in Axes
  6129 | D:7      | Got a translucent rapier
  6145 | D:7      | Identified 2 scrolls of acquirement
  6145 | D:7      | Acquired a +1 pair of gloves of strength
  6255 | D:7      | Reached XP level 10. HP: 77/77 MP: 10/10
  6258 | D:7      | Noticed Pikel
  6274 | D:7      | Killed Pikel
  6309 | D:7      | Found Axotaorara's Food Shoppe.
  6347 | D:7      | Reached skill level 10 in Axes
  6702 | D:7      | Found a sparkling altar of Nemelex Xobeh.
  6708 | D:7      | Found a shimmering altar of Xom.
  6750 | D:8      | Noticed Grum
  6766 | D:8      | Killed Grum
  6792 | D:8      | Noticed a two-headed ogre
  6834 | D:7      | Killed a two-headed ogre
  6834 | D:7      | Reached **** piety under Qazlal
  6875 | D:8      | Noticed Gastronok
  6891 | D:8      | Killed Gastronok
  6891 | D:8      | Reached skill level 11 in Axes
  6891 | D:8      | Reached XP level 11. HP: 38/84 MP: 11/11
  7041 | D:8      | Found a sacrificial altar of Ru.
  7205 | D:8      | Noticed Psyche
  7210 | D:8      | Killed Psyche
  7213 | D:8      | Found a snail-covered altar of Cheibriados.
  7286 | D:8      | Noticed Prince Ribbit
  7297 | D:8      | Killed Prince Ribbit
  7387 | D:8      | Found a shimmering blue altar of Sif Muna.
  7404 | D:8      | Identified Sif Muna's Guide on Summoning
  7413 | D:8      | Found an ancient bone altar of Kikubaaqudgha.
  7425 | D:8      | Found a radiant altar of Vehumet.
  7874 | D:9      | Reached ***** piety under Qazlal
  7921 | D:9      | Identified the +3 rapier of Amorality {flame, MP+9 Str+3
                  | Stlth-} (You found it on level 7 of the Dungeon)
  7993 | D:9      | Reached skill level 12 in Axes
  8401 | D:10     | Entered Level 10 of the Dungeon
  8411 | D:10     | Noticed a centaur warrior
  8413 | D:10     | Noticed an ogre mage
  8418 | D:10     | Killed a centaur warrior
  8418 | D:10     | Reached XP level 12. HP: 94/94 MP: 12/12
  8421 | D:10     | Killed an ogre mage
  8440 | D:10     | Reached skill level 10 in Shields
  8450 | D:10     | Noticed an unseen horror
  8639 | D:10     | Reached skill level 5 in Maces & Flails
  8652 | D:10     | Killed an unseen horror
  8855 | D:10     | Identified the Almanac of Congealing Envenoming
  9083 | D:10     | Reached skill level 13 in Axes
  9083 | D:10     | Reached ****** piety under Qazlal
  9159 | D:10     | Found a staircase to the Lair.
  9310 | D:10     | Found a runed translucent gate.
  9311 | D:10     | Found a runed translucent gate.
  9312 | D:10     | Found a runed translucent gate.
  9315 | D:10     | Noticed lysyklops's ghost (journeyman GrFi)
  9325 | D:10     | Found a runed translucent door.
  9337 | D:10     | Found the +10 tower shield of Ignorance {rN+ Int-4}
  9383 | D:10     | Found a runed translucent door.
  9474 | D:10     | Found a roughly hewn altar of Beogh.
  9474 | D:10     | Found a staircase to the Orcish Mines.
  9690 | D:10     | Reached skill level 1 in Evocations
  9701 | D:10     | Killed lysyklops's ghost
  9701 | D:10     | Reached XP level 13. HP: 57/101 MP: 12/14
 10087 | D:11     | Noticed Erolcha
 10098 | D:11     | Killed Erolcha
 10120 | D:11     | Reached skill level 10 in Fighting
 11091 | D:12     | Reached skill level 14 in Axes
 11094 | D:12     | Reached skill level 10 in Armour
 11094 | D:12     | Reached skill level 1 in Stealth
 11669 | Orc:1    | Entered Level 1 of the Orcish Mines
 11683 | Orc:1    | Noticed Josephine
 11696 | Orc:1    | Killed Josephine
 11701 | Orc:1    | Reached XP level 14. HP: 91/111 MP: 17/17
 11819 | Orc:1    | Found a roughly hewn altar of Beogh.
 11986 | Orc:2    | Entered Level 2 of the Orcish Mines
 11995 | Orc:2    | Reached skill level 5 in Evocations
 12023 | Orc:2    | Noticed an orc warlord
 12219 | Orc:2    | Found a staircase to the Elven Halls.
 12452 | D:10     | Lost intelligence.
 12651 | D:13     | Slain by a skeletal warrior

Illustrated notes

Levels and vault maps discovered:
D:1:      dpeg_arrival_round_b, layout_loops_ring
D:2:      layout_basic
D:3:      layout_basic, nicolae_gozag_seed_capital, okawaru_gym_becter,
          serial_bayou_pond_a, uniq_terence
D:4:      layout_layer_cave, lemuel_round_altar, minmay_temple_entry_mist,
          first_ration, nicolae_elemental_shop, hangedman_decor_growths
D:5:      minmay_angry_zag, layout_loops_corners, cheibrodos_ashenzari_chains,
          uniq_sigmund
D:6:      lemuel_castle_with_subvaults [lemuel_castle_interior_carwin_3],
          layout_basic, nicolae_overflow_crystal_walls, fedhas_altar_2,
          st_stairs_11, uniq_menkaure
D:7:      kennysheep_six_static_rooms, layout_basic,
          amethyst_overflow_temple_binary, serial_shops,
          nicolae_shop_temple_entry_statues_fountains, uniq_pikel, uniq_joseph
D:8:      layout_loops_ring, palyth_temple_overflow_mages,
          nicolae_ru_the_path_less_chosen, basic_altar, uniq_prince_ribbit1,
          uniq_gastronok, uniq_psyche, uniq_grum
D:9:      layout_cross, hangedman_little_slice_of_home
D:10:     minmay_the_grid_square_5x5_4x4 [minmay_the_grid_square_5x5_corner,
          minmay_the_grid_square_5x5_inset, minmay_the_grid_square_5x5_inner_z,
          minmay_the_grid_square_5x5_eight,
          minmay_the_grid_square_5x5_trominoes,
          minmay_the_grid_square_5x5_prize_rear_guard,
          minmay_the_grid_square_5x5_prize_snowflake,
          minmay_the_grid_square_5x5_three_walls,
          minmay_the_grid_square_5x5_two, minmay_the_grid_square_5x5_prize_open,
          minmay_the_grid_square_5x5_prize_deathbox,
          minmay_the_grid_square_5x5_six_small,
          minmay_the_grid_square_5x5_eight_small,
          minmay_the_grid_square_5x5_moneybag,
          minmay_the_grid_square_5x5_shrine2, minmay_the_grid_square_5x5_z],
          layout_rooms, erik_lair_dragon, david_orc_5,
          gammafunk_ghost_nasty_kobolds, chequers_guarded_unrand_ignorance
D:11:     layout_small_grid, uniq_erolcha
D:12:     layout_loops_cross
D:13:     layout_long_grid
Temple:   eino_wide_crystal_templ
Orc:1:    layout_caves, basic_altar, nicolae_volcano_entry_hallway,
          uniq_josephine
Orc:2:    st_orc_mages, layout_caves, uniq_sonja

Skill      XL: |  1  2  3  4  5  6  7  8  9 10 11 12 13 14 |
---------------+-------------------------------------------+-----
Shields        | 4 5 6 7 8 9 11 12 | 12.5
Axes           | 3 4 5 7 9 11 12 13 14 | 14.4
Dodging        | 1 2 3 |  3.9
Fighting       | 4 5 6 7 8 9 10 | 10.7
Armour         | 4 5 6 7 8 10 11 | 11.0
Maces & Flails | 2 4 5 |  5.7
Evocations     | 1 4 5 |  5.3
Stealth        | 1 |  1.0
Invocations    | |  0.3

Action                   |  1- 3 |  4- 6 |  7- 9 | 10-12 | 13-15 || total
-------------------------+-------+-------+-------+-------+-------++-------
Melee: War axe           |    92 |   175 |   292 |   482 |   465 ||  1506
       Hand axe          |       |    14 |       |       |       ||    14
Invok: Disaster Area     |       |       |       |       |     1 ||     1
  Use: Scroll            |       |     2 |     1 |     3 |       ||     6
       Potion            |       |       |     1 |       |     3 ||     4
  Eat: Chunk             |     1 |     7 |    10 |     9 |     9 ||    36
       Ration            |       |       |       |     1 |     1 ||     2
Armor: Scale mail        |    45 |       |       |       |       ||    45
       Chain mail        |    17 |   101 |   136 |   132 |   108 ||   494
Dodge: Dodged            |    27 |    61 |    84 |   104 |    92 ||   368
       Repelled          |       |       |       |     3 |    11 ||    14
Block: Kite shield       |    49 |   128 |   206 |   414 |   462 ||  1259
